 Dungeon Crawl Stone Soup version 0.29.1-15-g9cfb28693d (webtiles) character file.

Game seed: 13493885319646422437

74 Thatpatchoflichen the Trooper (level 4, -7/37 HPs)
             Began as a Demonspawn Monk on Mar 4, 2023.
             Killed from afar by Sigmund (8 damage)
             ... with a puff of flame
             ... on level 3 of the Dungeon.
             The game lasted 00:04:02 (2876 turns).

Thatpatchoflichen the Trooper (Demonspawn Monk)     Turns: 2876, Time: 00:04:03

Health: -7/37      AC:  6    Str: 12    XL:     4   Next: 9%
Magic:  4/4        EV: 12    Int: 11    God:
Gold:   161        SH:  0    Dex: 17    Spells: 3/3 levels left

rFire   . . .      SeeInvis .   a - +0 falchion
rCold   . . .      Faith    .   (no shield)
rNeg    . . .      Spirit   .   e - +0 ring mail
rPois   .          Reflect  .   (no helmet)
rElec   .          Harm     .   (no cloak)
rCorr   .          Rampage  .   (no gloves)
Will    +....                   n - +0 pair of boots
Stlth   +.........              (no amulet)
HPRegen 0.12/turn               d - ring of willpower
MPRegen 0.09/turn               (no ring)

@: no status effects
A: demonic magic 2
a: no special abilities


You were on level 3 of the Dungeon.
You visited 1 branch of the dungeon, and saw 3 of its levels.

You collected 161 gold pieces.

Inventory:

Hand Weapons
 a - a +0 falchion (weapon)
Missiles
 p - a boomerang (quivered)
Armour
 e - a +0 ring mail (worn)
 n - a +0 pair of boots (worn)
Jewellery
 d - a ring of willpower (left hand)
Scrolls
 b - 3 scrolls of amnesia {unknown}
 f - 3 scrolls of identify {unknown}
 k - 3 scrolls of blinking {unknown}
 l - a scroll of vulnerability {unknown}
 o - a scroll of noise {unknown}
Potions
 c - a potion of ambrosia
 g - a potion of haste {unknown}
 h - 2 potions of degeneration {unknown}
 i - 2 potions of curing {unknown}
 j - a potion of magic {unknown}
 m - 2 potions of flight {unknown}


   Skills:
 + Level 3.7 Fighting
 - Level 2.6 Long Blades
 + Level 1.8 Armour
 + Level 3.4 Dodging
 - Level 1.7 Stealth


You had 3 spell levels left.
You didn't know any spells.
Your spell library contained the following spells:

 Spells                   Type           Power      Damage    Failure   Level
 Shock                    Conj/Air       0%         1d3       61%         1
 Swiftness                Air            0%         N/A       93%         3
 Airstrike                Air            0%         2d(0-16)  100%        4


Dungeon Overview and Level Annotations

Branches:
Dungeon (3/15)

Altars:
Gozag

Annotations:
D:3 Sigmund


Innate Abilities, Weirdness & Mutations

Spells you cast may paralyse nearby enemies.


Message History

Sigmund is lightly wounded.
You hit Sigmund.
Sigmund is moderately wounded.
Sigmund misses you.
You barely miss Sigmund.
Sigmund is moderately wounded.
Sigmund points at you and mumbles some strange words.
The puff of flame hits you.
You hit Sigmund.
Sigmund is heavily wounded.
Sigmund mumbles some strange words.
Sigmund flickers and vanishes!
Deactivating autopickup; reactivate with Ctrl-A.
You hit something.
You hear a zap.
A puff of flame appears from out of thin air!
The puff of flame hits you!
You hear a zap.
A puff of flame appears from out of thin air!
The puff of flame hits you.
You hit something but do no damage. Something hits you.
* * * LOW HITPOINT WARNING * * *
You miss something. You hit something.
You hear some strange, mumbled words.
Something tries to affect you, but you resist.
Something hits you but does no damage.
You hit something but do no damage. You closely miss something.
You hear a zap.
A puff of flame appears from out of thin air!
The puff of flame hits you.
* * * LOW HITPOINT WARNING * * *
You hit something. Something hits you!
* * * LOW HITPOINT WARNING * * *
You hit something.
You hear a zap.
A puff of flame appears from out of thin air!
The puff of flame hits you!
You die...

#....# #### ..#### .##
.######## ........# ###
###.#.#.####.###
#.#..<.. ....# #.#.#.#
#.#[#########. #.)...#
#.#..@........ #))...#
#..#{########.
###.....####.###.......
..............# #@.....
###.....###...# .....#
###.....# #...# .##.#
..>...### ####.# .# #
#####.# ## . ..# ##


There were no monsters in sight!

Vanquished Creatures
  An adder (D:3)
  3 dart slugs
  4 orcs (D:3)
  7 ball pythons
  4 bats (D:1)
  4 endoplasms
  2 giant cockroaches (D:1)
  6 hobgoblins
  2 jackals (D:2)
  2 kobolds
  3 quokkas
  3 frilled lizards (D:1)
  5 goblins
  4 rats
50 creatures vanquished.

Vanquished Creatures (others)
  3 withered plants (D:3)
3 creatures vanquished.

Grand Total: 53 creatures vanquished

Notes
Turn   | Place    | Note
-------+----------+-------------------------------------------
     0 | D:1      | Thatpatchoflichen the Demonspawn Monk began the quest for
                  | the Orb.
     0 | D:1      | Reached XP level 1. HP: 18/18 MP: 1/1
    65 | D:1      | You fall into a shaft and drop 1 floor!
    65 | D:2      | Found an opulent altar of Gozag.
   587 | D:1      | Gained mutation: Spells you cast may paralyse adjacent
                  | enemies. [demonic ancestry]
   587 | D:1      | Reached XP level 2. HP: 24/24 MP: 2/2
   794 | D:1      | Reached skill level 1 in Armour
  1306 | D:1      | Reached XP level 3. HP: 22/29 MP: 3/3
  1952 | D:2      | Found a faded altar of an unknown god.
  2645 | D:3      | Gained mutation: Spells you cast may paralyse nearby
                  | enemies. [demonic ancestry]
  2645 | D:3      | Reached XP level 4. HP: 31/37 MP: 4/4
  2858 | D:3      | Noticed Sigmund
  2875 | D:3      | HP: 1/37 [something (7)]
  2876 | D:3      | Killed from afar by Sigmund

Illustrated notes

Levels and vault maps discovered:
D:1:      evilmike_arrival_rings, layout_basic
D:2:      layout_loops_ring, nicolae_ecumenical_oubliette, basic_altar
D:3:      layout_loops_ring, yredelemnul_altar_generic, uniq_crazy_yiuf_cottage,
          uniq_sigmund, uniq_ijyb

Skill      XL: |  1  2 |
---------------+-------+-----
Dodging        | 3 |  3.4
Armour         | 1 |  1.8
Fighting       | |  3.7
Long Blades    | |  2.6
Stealth        | |  1.7

Action                   |  1- 3 |  4- 6 || total
-------------------------+-------+-------++-------
Melee: Falchion          |   144 |    24 ||   168
       Punch             |     2 |       ||     2
 Stab: Sleeping          |     2 |       ||     2
Armor: Ring mail         |    65 |     7 ||    72
Dodge: Dodged            |   135 |    17 ||   152
